 Dungeon Crawl Stone Soup version 0.21.1-1-g345015fe64 (webtiles) character file.

10442 Htamos the Markscentaur (level 11, -2/88 HPs)
             Began as a Centaur Hunter on July 15, 2018.
             Was a High Priest of Okawaru.
             Killed from afar by Fannar (28 damage)
             ... with a bolt of cold
             ... on level 10 of the Dungeon.
             The game lasted 00:38:38 (14288 turns).

Htamos the Markscentaur (Centaur Hunter)           Turns: 14288, Time: 00:38:38

Health: -2/88      AC: 14    Str: 20    XL:     11   Next: 36%
Magic:  11/11      EV:  9    Int: 10    God:    Okawaru [*****.]
Gold:   567        SH:  0    Dex: 18    Spells: 10/10 levels left

rFire    . . .     SeeInvis +   B - +9 shortbow
rCold    . . .     Gourm    .   (shield currently unavailable)
rNeg     . . .     Faith    .   H - +0 chain mail
rPois    .         Spirit   .   K - +0 helmet
rElec    .         Reflect  .   Q - +0 cloak
rCorr    .         Harm     .   h - +0 pair of gloves
MR       .....                  e - +0 centaur barding
Stlth    ..........             (no amulet)
HPRegen  0.24/turn              y - ring of see invisible
MPRegen  0.12/turn              (no ring)

@: mighty, agile, very quick
A: large, hooves 3, deformed body, speed 2, tough skin 3
a: Heroism, Finesse, Renounce Religion


You were on level 10 of the Dungeon.
You worshipped Okawaru.
Okawaru was extremely pleased with you.
You were hungry.

You visited 2 branches of the dungeon, and saw 12 of its levels.
You also visited: Sewer.

You collected 567 gold pieces.

Inventory:

Hand Weapons
 a - a +2 shortbow
 b - a +0 short sword
 i - a +0 whip of flaming
 j - a +2 shortbow of freezing
 n - a +0 hunting sling
 s - a +0 blowgun
 B - a +9 shortbow (weapon)
Missiles
 d - 200 stones
 g - 133 sling bullets
 v - 52 poisoned needles
 E - 254 arrows (quivered)
Armour
 c - a +0 leather armour
 e - a +0 centaur barding (worn)
 h - a +0 pair of gloves (worn)
 o - a +0 ring mail
 r - a +0 chain mail
 H - a +0 chain mail (worn)
 K - a +0 helmet (worn)
 Q - a +0 cloak (worn)
Jewellery
 m - a cursed amulet of inaccuracy
 y - a ring of see invisible (left hand)
 U - a cursed ring of loudness {unknown}
Wands
 M - a wand of random effects (54)
 O - a wand of polymorph (27)
 R - a wand of disintegration (14)
 V - a wand of enslavement (14)
Scrolls
 k - 9 scrolls of remove curse
 l - a scroll of amnesia
 I - a scroll of magic mapping
 N - 3 scrolls of identify
 P - a scroll of enchant weapon
 T - a scroll of acquirement {unknown}
 W - a scroll of teleportation {unknown}
Potions
 p - a potion of lignification
 q - a potion of degeneration
 t - 2 potions of brilliance
 u - a potion of magic
 w - 2 potions of agility
 A - a potion of mutation
 C - a potion of flight
 D - 3 potions of cancellation
 F - 2 potions of curing
 J - 2 potions of might
Books
 x - a book of Cantrips

   Spells                             Type                      Level
   a - Confusing Touch                Hexes                        1
   b - Animate Skeleton               Necromancy                   1
   c - Summon Small Mammal            Summoning                    1
   d - Apportation                    Translocation                1
 G - a book of Callings

   Spells                             Type                      Level
   a - Summon Small Mammal            Summoning                    1
   b - Call Imp                       Summoning                    2
   c - Call Canine Familiar           Summoning                    3
   d - Summon Guardian Golem          Hexes/Summoning              3
   e - Summon Lightning Spire         Summoning/Air                4
   f - Summon Ice Beast               Ice/Summoning                4
 L - a book of Misfortune

   Spells                             Type                      Level
   a - Confusing Touch                Hexes                        1
   b - Confuse                        Hexes                        3
   c - Gell's Gravitas                Translocation                3
   d - Petrify                        Transmutation/Earth          4
   e - Metabolic Englaciation         Hexes/Ice                    5
   f - Yara's Violent Unravelling     Hexes/Transmutation          5
Comestibles
 f - 18 rations


   Skills:
 + Level 5.5 Fighting
 + Level 20.5 Bows
 - Level 1.3 Dodging
 - Level 0.4 Stealth


You had 10 spell levels left.
You didn't know any spells.

Dungeon Overview and Level Annotations

Branches:
Dungeon (11/15)            Temple (1/1) D:6            Lair (0/6) D:10
    Orc: D:9-12

Altars:
Ashenzari
Cheibriados
Dithmenos
Elyvilon
Fedhas
Gozag
Hepliaklqana
Kikubaaqudgha
Makhleb
Nemelex Xobeh
Okawaru
Qazlal
Ru
Sif Muna
Trog
Uskayaw
Vehumet
Wu Jian
Xom
Yredelemnul
Zin
The Shining One

Shops:
D:7 :(   D:10 *

Annotations:
D:5 1 runed door
D:10 Fannar
D:11 Harold


Innate Abilities, Weirdness & Mutations

You have hooves in place of feet.
Armour fits poorly on your strangely shaped body.
You cover ground very quickly.
You have extremely tough skin. (AC +3)


Message History

The arrow hits Fannar but does no damage.
Fannar is moderately wounded.
You are feeling hungry.
Fannar gestures wildly while chanting.
Fannar drains the heat from the surrounding environment!
You feel very cold.
* * * LOW HITPOINT WARNING * * *
Fannar is frozen.
Fannar resists.
Fannar is heavily wounded.
Fannar gestures wildly while chanting.
Fannar drains the heat from the surrounding environment!
You feel very cold.
* * * LOW HITPOINT WARNING * * *
Fannar is frozen.
Fannar resists.
Fannar is heavily wounded.
You feel very mighty all of a sudden.
You feel agile all of a sudden. Fannar gestures at you while chanting.
The bolt of cold hits you!
You die...

...###.###.#......# #.......#
..................# #...#...#
..####.###.#......# #####...#
######.#...#......# #...#
#..........#......# ##########
...##......#......# #.......#
...<..._....#.###.# #.#####.#
....#.......#.###.######...#.#.##
......).........@..e.............
#.####.#######.##..........#.####
.........# #.######.######.#
..##.....# #.## #......#.####
...#.....# #..# #(##.#.......
...#.....# ####.# #(##.#.......
...#.....# #....## #....#.......
...#.....# #.....# #(####.#.####
##.####### #.....## #(####.#.#


You could see Fannar.

Vanquished Creatures
  2 two-headed ogres (D:9)
  Pikel (D:5)
  A centaur zombie (D:10)
  A troll (D:10)
  2 hippogriffs (D:10)
  A spriggan (D:8)
  13 yaks
  A wraith (D:10)
  2 wyverns (D:10)
  2 basilisks (D:10)
  A hungry ghost (D:10)
  Menkaure (D:6)
  An acid dragon (D:10)
  A water moccasin (D:8)
  2 ice beasts
  2 sky beasts
  Purgy (Sewer)
  A phantom (D:10)
  An orc warrior (D:7)
  5 ogres
  8 centaurs
  A crocodile (D:10)
  A big kobold (D:9)
  9 bullfrogs
  2 scorpions
  4 howler monkeys
  4 wights (D:9)
  2 jellies (D:9)
  2 crimson imps
  2 centaur skeletons
  3 hounds
  17 orc wizards
  4 orc priests
  A bullfrog skeleton (D:5)
  2 iguanas
  15 worker ants
  A hound skeleton (D:8)
  11 gnolls
  3 adders
  2 shadow imps
  2 oozes
  2 adder zombies
  2 worms
  8 leopard geckos
  27 orcs
  15 bats
  11 giant cockroaches
  4 goblins
  A hobgoblin (D:3)
  6 jackals
  18 kobolds
  6 quokkas
  3 ball pythons
  3 frilled lizards
  A leopard gecko skeleton (D:5)
  A quokka skeleton (D:4)
  10 rats
256 creatures vanquished.

Vanquished Creatures (others)
  A crimson imp (D:6)
  An orc wizard (D:6)
  An orc priest (D:6)
  An iguana (D:6)
  An adder (D:6)
  An adder skeleton (D:6)
  7 orcs (D:6)
13 creatures vanquished.

Grand Total: 269 creatures vanquished

Notes
Turn   | Place    | Note
-------+----------+-------------------------------------------
     0 | D:1      | Htamos the Centaur Hunter began the quest for the Orb.
     0 | D:1      | Reached XP level 1. HP: 17/17 MP: 1/1
   428 | D:1      | Reached XP level 2. HP: 24/24 MP: 2/2
   484 | D:1      | Reached skill level 6 in Bows
  1065 | D:2      | Found a faded altar of an unknown god.
  1270 | D:2      | Reached XP level 3. HP: 29/29 MP: 3/3
  1545 | D:3      | Reached skill level 7 in Bows
  1616 | D:3      | Found a stormy altar of Qazlal.
  1756 | D:3      | Reached XP level 4. HP: 36/36 MP: 4/4
  2590 | D:3      | Reached skill level 8 in Bows
  2804 | D:4      | Noticed a bullfrog
  2818 | D:4      | Killed a bullfrog
  2818 | D:4      | Reached XP level 5. HP: 26/41 MP: 5/5
  3003 | D:4      | Reached skill level 9 in Bows
  3326 | D:4      | Reached XP level 6. HP: 22/48 MP: 6/6
  3991 | D:3      | Reached skill level 10 in Bows
  4259 | D:4      | Found a shadowy altar of Dithmenos.
  4422 | D:4      | Found a white marble altar of Elyvilon.
  4495 | D:5      | Entered Level 5 of the Dungeon
  4542 | D:5      | Noticed an ice beast
  4954 | D:5      | Noticed a sky beast
  5077 | D:5      | Killed a sky beast
  5077 | D:5      | Reached skill level 11 in Bows
  5077 | D:5      | Reached XP level 7. HP: 34/55 MP: 7/7
  5318 | D:5      | Found a runed door.
  5335 | D:5      | Found a runed door.
  5847 | D:5      | Reached skill level 12 in Bows
  6823 | D:6      | Noticed Pikel
  6872 | D:5      | Killed Pikel
  6872 | D:5      | Reached skill level 14 in Bows
  6872 | D:5      | Reached XP level 8. HP: 58/61 MP: 8/8
  7321 | D:6      | Found an ornate altar of the Wu Jian Council.
  7387 | D:6      | Found a glowing drain.
  7413 | Sewer    | Entered a sewer
  7428 | Sewer    | Noticed Purgy
  7454 | Sewer    | Killed Purgy
  7870 | D:6      | Found a burning altar of Makhleb.
  8023 | D:6      | Reached skill level 15 in Bows
  8161 | D:6      | Found a staircase to the Ecumenical Temple.
  8184 | Temple   | Entered the Ecumenical Temple
  8405 | Temple   | Became a worshipper of Warmaster Okawaru
  8546 | D:6      | Noticed Menkaure
  8552 | D:6      | Killed Menkaure
  8552 | D:6      | Reached XP level 9. HP: 28/67 MP: 9/9
  9081 | D:7      | Reached skill level 16 in Bows
  9177 | D:7      | Found Kuometz's Book Boutique.
  9218 | D:7      | Reached * piety under Okawaru
  9324 | D:7      | Found Voippol's Weapon Boutique.
  9825 | D:8      | Found a snail-covered altar of Cheibriados.
  9881 | D:8      | Reached skill level 17 in Bows
 10376 | D:8      | Reached ** piety under Okawaru
 10930 | D:8      | Found a sacrificial altar of Ru.
 11254 | D:8      | Reached XP level 10. HP: 66/73 MP: 10/10
 11383 | D:9      | Reached skill level 18 in Bows
 11412 | D:9      | Reached *** piety under Okawaru
 11626 | D:9      | Noticed a two-headed ogre
 11631 | D:9      | Killed a two-headed ogre
 11631 | D:9      | Reached skill level 19 in Bows
 11760 | D:9      | Noticed a two-headed ogre
 11791 | D:9      | Killed a two-headed ogre
 11791 | D:9      | Reached **** piety under Okawaru
 11848 | D:9      | Received a gift from Okawaru
 12074 | D:9      | Found a bloodstained altar of Trog.
 12166 | D:10     | Entered Level 10 of the Dungeon
 12175 | D:10     | Found an ancient bone altar of Kikubaaqudgha.
 12310 | D:10     | Reached skill level 20 in Bows
 12466 | D:10     | Reached XP level 11. HP: 69/82 MP: 11/11
 12601 | D:10     | Reached ***** piety under Okawaru
 12809 | D:10     | Found Uxorir's Assorted Antiques.
 12972 | D:10     | Received a gift from Okawaru
 13505 | D:10     | Reached skill level 5 in Fighting
 13528 | D:10     | Found a staircase to the Lair.
 13692 | D:10     | Received a gift from Okawaru
 13887 | D:11     | Noticed Fannar
 13890 | D:11     | Noticed Harold
 14288 | D:10     | Killed from afar by Fannar

Skill      XL: |  1  2  3  4  5  6  7  8  9 10 11 |
---------------+----------------------------------+-----
Bows           | 6 7 8 9 11 14 15 17 20 | 20.5
Fighting       | 3 5 |  5.5
Dodging        | |  1.3
Stealth        | |  0.4

Action                   |  1- 3 |  4- 6 |  7- 9 | 10-12 || total
-------------------------+-------+-------+-------+-------++-------
Melee: Short sword       |    18 |   157 |    49 |       ||   224
       Kick              |     3 |    44 |    15 |       ||    62
       Shortbow          |       |     1 |       |       ||     1
 Fire: Shortbow          |   121 |    26 |   323 |   336 ||   806
       Hunting sling     |       |       |    12 |       ||    12
Throw: Stone             |       |    22 |    26 |       ||    48
Invok: Heroism           |       |       |       |     1 ||     1
       Finesse           |       |       |       |     1 ||     1
  Use: Scroll            |       |       |    25 |       ||    25
       Potion            |       |       |     7 |     5 ||    12
  Eat: Chunk             |     1 |     8 |    11 |     6 ||    26
       Ration            |       |       |     2 |       ||     2
Armor: Leather armour    |     2 |       |       |       ||     2
       Ring mail         |    31 |    80 |    95 |       ||   206
       Chain mail        |       |       |       |    44 ||    44
Dodge: Dodged            |    27 |    81 |    51 |     4 ||   163
